 Dungeon Crawl Stone Soup version 0.31-a0-949-g57150269e1 (webtiles) character file.

Game seed: 11986778199543501755

667 LeprechaunX the Changeling (level 7, -10/46 HPs)
             Began as an Octopode Shapeshifter on Oct 23, 2023.
             Killed by divine providence
             ... invoked by an orc priest
              (16 damage)
             ... on level 5 of the Dungeon.
             The game lasted 00:06:08 (3777 turns).

LeprechaunX the Changeling (Octopode Shapeshifter)  Turns: 3777, Time: 00:06:09

Health: -10/46     AC:  1    Str: 16    XL:     7   Next: 57%
Magic:  7/7        EV: 14    Int: 12    God:
Gold:   220        SH:  0    Dex: 11    Spells: 6/6 levels left

rFire   . .          .
                       - Unarmed
rCold   . . .        (no shield)
rNeg    . . .        (helmet currently unavailable)
rPois   .            (no amulet)
rElec   .            (no ring)
rCorr   .            (no ring)
SInv    .            (no ring)
Will    .....        (no ring)
Stlth   ++           (no ring)
HPRegen 0.27/turn    (no ring)
MPRegen 0.10/turn    (no ring)
                     (no ring)

%: no passive effects
@: beast-form
A: beast (slay +2), almost no armour, amphibious, 8 rings, camouflage 1,
gelatinous body 1, (nimble swimmer 1), tentacles
a: Begin Untransformation


You were on level 5 of the Dungeon.
You were a hulking beast.
You visited 1 branch of the dungeon, and saw 5 of its levels.

You collected 220 gold pieces.

Inventory:

Hand Weapons
 a - a +0 arbalest
 n - a +0 sling
Missiles
 d - 7 javelins
Armour
 p - a +0 hat
Talismans
 b - a beast talisman (active)
 c - a flux talisman
Wands
 u - a wand of charming (12)
Scrolls
 f - a scroll of fear {unknown}
 g - 3 scrolls of teleportation {unknown}
 h - 3 scrolls of noise {ghostscroll, unknown}
 l - 2 scrolls of identify {unknown}
 m - a scroll of immolation {unknown}
 q - a scroll of vulnerability {unknown}
 r - a scroll of blinking {unknown}
 s - a scroll of poison {unknown}
 t - a scroll of revelation {unknown}
Potions
 e - 3 potions of heal wounds {unknown}
 i - 2 potions of degeneration {unknown}
 j - a potion of enlightenment {ghostpot, unknown}
 k - a potion of curing {unknown}
 o - a potion of cancellation {unknown}


   Skills:
 + Level 3.4 Fighting
 + Level 2.7 Ranged Weapons
 + Level 3.7 Dodging
 + Level 4.4 Unarmed Combat
 * Level 5.2 Shapeshifting


You had 6 spell levels left.
You didn't know any spells.
Your spell library was empty.

Dungeon Overview and Level Annotations

Branches:
Dungeon (5/15)
 Temple: D:4-7

Altars:
Elyvilon

Shops:
D:2 [:   D:4 :*


Innate Abilities, Weirdness & Mutations

You are a hulking beast.
Your limbs bulge with bestial killing power. (Slay +2)
You cannot wear most types of armour.
You are amphibious.
You can wear up to eight rings at the same time.
Your skin changes colour to match your surroundings (Stealth+).
Your rubbery body absorbs attacks. (AC +1, EV +1)
((You are camouflaged when in or above water. (Stealth+)))
You have tentacles for arms and can constrict up to eight enemies at once.


Message History

Unknown command.
You're too confused to move!
The orc wizard closely misses you. The orc hits you with a +0 short sword.
The orc misses you.
You bump into the rock wall.
The orc wizard casts a spell at you. The magic dart hits you!
The orc misses you. The orc barely misses you.
Unknown command.
The orc wizard closely misses you. The orc attacks as it pursues you!
The orc closely misses you. The orc barely misses you.
You barely miss the orc wizard.
The orc wizard hits you with a +0 dagger.
The orc hits you with a +0 short sword. x2
Unknown command.
You feel less confused.
The orc wizard attacks as it pursues you!
The orc wizard hits you with a +0 dagger.
* * * LOW HITPOINT WARNING * * *
The orc hits you with a +0 short sword.
* * * LOW HITPOINT WARNING * * *
Unknown command.
You tentacle-slap the orc wizard. You grab the orc wizard.
You squeeze the orc wizard!
The orc wizard is heavily wounded.
You constrict the orc wizard. The orc hits you with a +0 short sword.
* * * LOW HITPOINT WARNING * * *
The orc wizard hits you with a +0 dagger.
* * * LOW HITPOINT WARNING * * *
You tentacle-slap the orc wizard but do no damage.
Your squeeze misses the orc wizard.
The orc wizard is heavily wounded.
You constrict the orc wizard. The orc closely misses you.
The orc wizard barely misses you.
Unknown command.
You bludgeon the orc wizard!
You kill the orc wizard!
The orc misses you.
Unknown command.
The orc priest invokes the aid of Beogh against you.
Beogh smites you!
You die...

.##... .$..#( ... ..
#(..# ..# .###.. #.8..##
...# ...... #..o## ..#
....(. ###)o#...#
......##########o#...###
................o.......
#............##h....###
###.....#(..........#
##.....####........###
##......#
####.......####
#.......# #...........#
........# ##...#....####
........## #...##...##
##.......####..####..#
#...#.........# ##.####


You could see an orc priest and 3 orcs.

Vanquished Creatures
  The ghost of Thrassey the Slasher, an amateur OpMo of Xom (D:4)
  A phantom (D:4)
  A scorpion (D:4)
  4 hounds
  A sleepcap (D:3)
  2 iguanas (D:4)
  An orc wizard (D:5)
  3 adders
  4 worms
  2 dart slugs
  6 orcs (D:4)
  6 endoplasms
  4 giant cockroaches
  10 goblins
  9 hobgoblins
  2 jackals (D:1)
  4 quokkas
  5 ball pythons
  4 bats
  2 frilled lizards
  9 kobolds
  3 rats
84 creatures vanquished.

Notes
Turn   | Place    | Note
-------+----------+-------------------------------------------
     0 | D:1      | LeprechaunX the Octopode Shapeshifter began the quest for
                  | the Orb.
     0 | D:1      | Reached XP level 1. HP: 13/13 MP: 1/1
    86 | D:1      | Reached XP level 2. HP: 17/18 MP: 2/2
   246 | D:1      | Found a faded altar of an unknown god.
   654 | D:2      | Found Wygucsuamn's Vocational Training.
   814 | D:2      | Reached XP level 3. HP: 23/23 MP: 3/3
  1211 | D:2      | Found Vyedudon's Armour Emporium.
  1262 | D:3      | Reached XP level 4. HP: 29/29 MP: 4/4
  1438 | D:3      | Reached skill level 1 in Ranged Weapons
  1758 | D:3      | Reached XP level 5. HP: 34/34 MP: 5/5
  1990 | D:4      | Found Moeser's Self-Improvement Boutique.
  2059 | D:4      | Reached skill level 4 in Shapeshifting
  2412 | D:4      | Reached XP level 6. HP: 17/41 MP: 6/6
  2613 | D:4      | Found a runed translucent door.
  2613 | D:4      | Noticed Thrassey's ghost (amateur OpMo)
  2912 | D:4      | Found a white marble altar of Elyvilon.
  3307 | D:4      | Found Odi Gots's General Store.
  3497 | D:4      | Killed Thrassey's ghost
  3498 | D:4      | Reached skill level 5 in Shapeshifting
  3498 | D:4      | Reached XP level 7. HP: 46/46 MP: 7/7
  3567 | D:5      | Entered Level 5 of the Dungeon
  3777 | D:5      | Killed from afar by an orc priest

Illustrated notes

Levels and vault maps discovered:
D:1:      evilmike_arrival_plus, layout_basic,
          ebering_ecumenical_altar_abandoned, kennysheep_small_spiral
D:2:      layout_basic, serial_shops, shop, nicolae_shop_vocational
D:3:      layout_basic, hellmonk_no_cap
D:4:      layout_rooms, lemuel_doored_altar, hellmonk_ghost_happy_afterlife,
          serial_shops, nicolae_lakefront_shop, serial_co_window_serial,
          co_window_of_opportunity_a, co_window_paths_a, co_window_paths_a,
          co_window_corner_a, co_window_cross_1, co_window_corner_a,
          co_window_of_opportunity_a, co_window_broadway_c, co_window_corner_b,
          co_window_corner_b, co_window_corner_b, co_window_unsneaky_path_e,
          co_window_of_opportunity_b, co_window_paths_d, glass_columns_b,
          glass_columns_a, nicolae_shop_self_help
D:5:      black_bear_nest_1, layout_layer_cave, guppyfry_early_orc_mine

Skill      XL: |  1  2  3  4  5  6 |
---------------+-------------------+-----
Fighting       | 2 3 |  3.4
Ranged Weapons | 1 2 |  2.7
Shapeshifting  | 4 5 |  5.2
Dodging        | 3 |  3.7
Unarmed Combat | 4 |  4.4

Action                     |  1- 3 |  4- 6 |  7- 9 || total
---------------------------+-------+-------+-------++-------
  Melee: Unarmed           |    70 |   122 |     9 ||   201
         Constrict         |    18 |    26 |     2 ||    46
         Tentacles         |    10 |    26 |     2 ||    38
         Punch             |     2 |     2 |       ||     4
    Use: Potion            |       |     1 |       ||     1
   Stab: Sleeping          |     5 |    11 |       ||    16
         Distracted        |       |     1 |       ||     1
 Armour: Skin              |    20 |    56 |    12 ||    88
  Dodge: Dodged            |    30 |    41 |    17 ||    88

Table legend: (Time is in decaauts)
 A = Elapsed time spent in this place.
 B = Non-inter-level travel time spent in this place.
 C = Inter-level travel time spent in this place.
 D = Time resting spent in this place.
 E = Time spent auto-exploring this place.
 F = Levels seen in this place.
 G = Mean time per level.
                   A        B        C        D        E       F      G
               +--------+--------+--------+--------+--------+-----+--------+
         Total |   3761 |   3689 |     72 |    416 |   2695 |   5 |  752.2 |
       Dungeon |   3761 |   3689 |     72 |    416 |   2695 |   5 |  752.2 |
               +--------+--------+--------+--------+--------+-----+--------+

Top non-repeatable levels by time:
     D:4: 1570 daAuts
     D:3: 729 daAuts
     D:1: 652 daAuts
     D:2: 601 daAuts
     D:5: 208 daAuts
